 Dungeon Crawl Stone Soup version 0.31-a0-152-g6aa68a64a1 (webtiles) character file.

Game seed: 14629369288194577586

5366 qw the Skirmisher (level 10, 0/96 HPs)
             Began as a Naga Hunter on June 10, 2023.
             Was a Follower of Okawaru.
             Slain by a yak (5 damage)
             ... on level 8 of the Dungeon.
             The game lasted 00:03:10 (7604 turns).

qw the Skirmisher (Naga Hunter)                     Turns: 7604, Time: 00:03:11

Health: 0/96       AC:  8    Str: 14    XL:     10   Next: 65%
Magic:  12/13      EV: 14    Int: 10    God:    Okawaru [*.....]
Gold:   348        SH:  0    Dex: 18    Spells: 9/9 levels left

rFire   . . .        d - +0 orcbow
rCold   . . .        (shield currently unavailable)
rNeg    . . .        c - +0 leather armour
rPois   +            b - +0 helmet
rElec   .            (no cloak)
rCorr   .            j - +0 pair of gloves
SInv    +            (no barding)
Will    +....        (no amulet)
Stlth   +++          (no ring)
HPRegen 0.36/turn    (no ring)
MPRegen 0.13/turn

%: no passive effects
@: short of breath, heroic, very slow
A: AC +3, large, see invisible, deformed body, poison resistance, slowness 2,
spit poison 1, naga tail 1
a: Spit Poison, Renounce Religion, Heroism


You were on level 8 of the Dungeon.
You worshipped Okawaru.
Okawaru was aware of your devotion.
You visited 2 branches of the dungeon, and saw 9 of its levels.
You also visited: Sewer.

You collected 478 gold pieces.
You spent 130 gold pieces at shops.


Innate Abilities, Weirdness & Mutations

Your serpentine skin is tough. (AC +3)
You have supernaturally acute eyesight. (SInv)
Armour fits poorly on your strangely shaped body.
Your system is resistant to poisons. (rPois)
You cover ground very slowly.
You can spit poison.
You have a snake-like lower body.


   Skills:
 - Level 8.1(13.1) Fighting
 + Level 11.2(16.2) Ranged Weapons
 - Level 2.2(7.2) Armour
 - Level 4.0(9.0) Dodging
 - Level 1.5(6.5) Stealth
 - Level 4.5 Invocations


You had 9 spell levels left.
You didn't know any spells.
Your spell library was empty.

Inventory:

Hand Weapons
 d - a +0 orcbow (weapon)
Armour
 b - a +0 helmet (worn)
 c - a +0 leather armour (worn)
 j - a +0 pair of gloves (worn)
Scrolls
 a - a scroll of identify
Potions
 e - a potion of mutation {unknown}
 f - a potion of might {unknown}
 g - a potion of brilliance {unknown}
 h - a potion of haste {unknown}
 k - a potion of cancellation
 m - a potion of curing

Dungeon Overview and Level Annotations

Branches:
Dungeon (8/15)             Temple (1/1) D:7           Sewer (visited)
   Lair: D:8-11

Altars:
Ashenzari
Cheibriados
Dithmenos
Elyvilon
Fedhas
Gozag
Hepliaklqana
Kikubaaqudgha
Nemelex Xobeh
Okawaru
Qazlal
Sif Muna
Trog
Vehumet
Wu Jian
Xom
Yredelemnul
Zin
The Shining One

Shops:
D:4 !

Annotations:
D:4 2 runed translucent doors, qw's ghost, amateur NaHu


Message History

The yak is almost dead.
The yak closely misses you. The yak gores you! x2
7595 ||| INVOKING Heroism.
You gain the combat prowess of a mighty hero.
You have got your breath back.
You kill the yak!
Okawaru accepts your kill. The yak closely misses you. The yak misses you.
A water moccasin comes into view.
7596 ||| INVOKING Spit Poison.
Aiming: Spit Poison (1% risk of failure)
Press: ? - help, Shift-Dir - straight line, f - yak The splash of poison misses the yak.
The yak gores you. The yak barely misses you.
The yak gores you but does no damage.
You shoot an arrow. The arrow hits the yak!
The yak is severely wounded.
The yak closely misses you. The yak gores you.
You shoot an arrow. The arrow hits the yak!
The yak is almost dead.
You shoot an arrow. The arrow hits the yak!
You kill the yak!
Okawaru accepts your kill. The yak gores you. The yak closely misses you.
You shoot an arrow. The arrow hits the yak.
The yak is lightly wounded.
The yak misses you. The yak gores you! The yak gores you.
You shoot an arrow. The arrow hits the yak.
The yak is moderately wounded.
The yak gores you. The yak gores you! The yak gores you.
You shoot an arrow. The arrow hits the yak!
The yak is heavily wounded.
You shoot an arrow.
The arrow hits the yak but does no damage.
The yak is heavily wounded.
The yak closely misses you. The yak gores you! The yak closely misses you.
You shoot an arrow. The arrow hits the yak.
The yak is heavily wounded.
The yak gores you. The yak misses you. The yak gores you.
You die...

........... ##
..#......>###)~
....)......#.~
...........'.
#..........#
...........##
#.....%YY...#####
... #@Y........
.^.##.)........
.......#......#
..............##
..................
..................
..........[..#.....
#.
.......[.)..###....
#.. #..........##
....


You could see 3 yaks.

Vanquished Creatures
  2 two-headed ogres (D:8)
  Pikel (D:7)
  Joseph (D:8)
  A hornet (D:8)
  Sigmund (D:2)
  2 yaks (D:8)
  2 steam dragons (D:7)
  3 water moccasins (D:8)
  An orc warrior (D:7)
  A sky beast (D:7)
  3 ice beasts
  2 black bears (D:8)
  An ogre (D:4)
  3 lemures (D:7)
  A phantom (D:5)
  A bullfrog (Sewer)
  A gnoll sergeant (D:7)
  6 scorpions
  3 wights
  A howler monkey (D:4)
  A hound (D:4)
  4 jellies
  3 orc priests
  Terence (D:2)
  2 sleepcaps
  Jessica (D:2)
  3 iguanas
  3 orc wizards
  4 gnolls
  8 adders
  2 white imps
  An ufetubus (D:5)
  3 worms
  3 dart slugs
  19 orcs
  12 endoplasms
  11 giant cockroaches
  5 goblins
  8 hobgoblins
  8 jackals
  10 quokkas
  12 ball pythons
  6 bats
  9 frilled lizards
  6 kobolds
  4 rats (D:2)
186 creatures vanquished.

Notes
Turn   | Place    | Note
-------+----------+-------------------------------------------
     0 | D:1      | qw the Naga Hunter began the quest for the Orb.
     0 | D:1      | Reached XP level 1. HP: 19/19 MP: 1/1
     0 | D:1      | 0 ||| qw: Version: 0.2-a-122-gbc61b45
     0 | D:1      | 0 ||| qw: Game counter: 3660
     0 | D:1      | 0 ||| qw: Always use a shield: true
     0 | D:1      | 0 ||| qw: God list: Okawaru
     0 | D:1      | 0 ||| qw: Allow faded altars: false
     0 | D:1      | 0 ||| qw: Do Orc after D:15 true
     0 | D:1      | 0 ||| qw: Do second Lair branch before Depths: true
     0 | D:1      | 0 ||| qw: Lair rune preference: random
     0 | D:1      | 0 ||| qw: Plans: Normal
     0 | D:1      | 0 ||| PLANNING D:1-11
     3 | D:1      | 3 ||| INVOKING Spit Poison.
    86 | D:1      | 86 ||| INVOKING Spit Poison.
    91 | D:1      | 91 ||| INVOKING Spit Poison.
   178 | D:1      | 178 ||| INVOKING Spit Poison.
   228 | D:1      | 228 ||| INVOKING Spit Poison.
   229 | D:1      | Reached skill level 4 in Ranged Weapons
   229 | D:1      | Reached XP level 2. HP: 26/26 MP: 2/2
   280 | D:1      | 280 ||| INVOKING Spit Poison.
   343 | D:1      | 343 ||| INVOKING Spit Poison.
   352 | D:1      | 352 ||| INVOKING Spit Poison.
   439 | D:1      | 439 ||| INVOKING Spit Poison.
   447 | D:1      | 447 ||| INVOKING Spit Poison.
   576 | D:1      | 576 ||| INVOKING Spit Poison.
   577 | D:1      | Reached XP level 3. HP: 32/32 MP: 3/3
   584 | D:1      | 584 ||| INVOKING Spit Poison.
   603 | D:1      | 603 ||| INVOKING Spit Poison.
   625 | D:1      | 625 ||| INVOKING Spit Poison.
   801 | D:1      | 801 ||| INVOKING Spit Poison.
   969 | D:1      | 969 ||| DROPPING ring of flight.
   970 | D:1      | 970 ||| READING scroll labelled LAUMUOPT UMIFF.
   975 | D:1      | 975 ||| READING scroll labelled BOOSER VELO.
   976 | D:1      | 976 ||| DRINKING 2 yellow potions.
   977 | D:1      | 977 ||| DROPPING scroll of butterflies.
   982 | D:2      | 982 ||| INVOKING Spit Poison.
   990 | D:2      | 990 ||| INVOKING Spit Poison.
  1018 | D:2      | 1018 ||| INVOKING Spit Poison.
  1026 | D:2      | 1026 ||| INVOKING Spit Poison.
  1029 | D:2      | 1029 ||| INVOKING Spit Poison.
  1030 | D:2      | 1030 ||| INVOKING Spit Poison.
  1034 | D:2      | HP: 8/32 [worm (6)]
  1035 | D:2      | 1035 ||| DRINKING potion of heal wounds.
  1037 | D:2      | 1037 ||| INVOKING Spit Poison.
  1040 | D:2      | 1040 ||| INVOKING Spit Poison.
  1131 | D:2      | Noticed Terence
  1133 | D:2      | 1133 ||| INVOKING Spit Poison.
  1140 | D:2      | 1140 ||| INVOKING Spit Poison.
  1143 | D:2      | 1143 ||| INVOKING Spit Poison.
  1143 | D:2      | Killed Terence
  1144 | D:2      | Reached skill level 5 in Ranged Weapons
  1144 | D:2      | Reached XP level 4. HP: 27/39 MP: 4/4
  1194 | D:2      | Noticed Jessica
  1195 | D:2      | 1195 ||| INVOKING Spit Poison.
  1199 | D:2      | 1199 ||| INVOKING Spit Poison.
  1199 | D:2      | Killed Jessica
  1266 | D:2      | Noticed Sigmund
  1267 | D:2      | 1267 ||| INVOKING Spit Poison.
  1269 | D:2      | Killed Sigmund
  1270 | D:2      | Reached XP level 5. HP: 42/51 MP: 5/5
  1270 | D:2      | Reached XP level 6. HP: 49/60 MP: 6/6
  1329 | D:2      | 1329 ||| INVOKING Spit Poison.
  1360 | D:2      | 1360 ||| INVOKING Spit Poison.
  1374 | D:2      | 1374 ||| INVOKING Spit Poison.
  1418 | D:2      | 1418 ||| INVOKING Spit Poison.
  1505 | D:2      | 1505 ||| READING 2 scrolls labelled RUSUOXK APLUGU.
  1506 | D:2      | 1506 ||| READING scroll labelled IZIMUA YWKA.
  1528 | D:3      | 1528 ||| PLANNING SEWER
  1566 | D:3      | 1566 ||| INVOKING Spit Poison.
  1652 | D:3      | 1652 ||| INVOKING Spit Poison.
  1760 | D:3      | 1760 ||| INVOKING Spit Poison.
  1778 | D:3      | 1778 ||| INVOKING Spit Poison.
  1800 | D:3      | 1800 ||| INVOKING Spit Poison.
  1803 | D:3      | Found a faded altar of an unknown god.
  1844 | D:3      | 1844 ||| INVOKING Spit Poison.
  1852 | D:3      | 1852 ||| INVOKING Spit Poison.
  1861 | D:3      | 1861 ||| INVOKING Spit Poison.
  1867 | D:3      | 1867 ||| INVOKING Spit Poison.
  1872 | D:3      | 1872 ||| INVOKING Spit Poison.
  1896 | D:3      | Found a glowing drain.
  1926 | Sewer    | Entered a sewer
  1941 | Sewer    | 1941 ||| INVOKING Spit Poison.
  1945 | Sewer    | 1945 ||| INVOKING Spit Poison.
  1975 | Sewer    | 1975 ||| INVOKING Spit Poison.
  2004 | Sewer    | 2004 ||| INVOKING Spit Poison.
  2019 | Sewer    | 2019 ||| INVOKING Spit Poison.
  2024 | Sewer    | 2024 ||| INVOKING Spit Poison.
  2030 | Sewer    | 2030 ||| INVOKING Spit Poison.
  2082 | Sewer    | 2082 ||| INVOKING Spit Poison.
  2088 | Sewer    | 2088 ||| INVOKING Spit Poison.
  2106 | Sewer    | 2106 ||| INVOKING Spit Poison.
  2110 | Sewer    | 2110 ||| INVOKING Spit Poison.
  2121 | Sewer    | 2121 ||| INVOKING Spit Poison.
  2141 | Sewer    | 2141 ||| INVOKING Spit Poison.
  2151 | Sewer    | 2151 ||| INVOKING Spit Poison.
  2161 | Sewer    | 2161 ||| INVOKING Spit Poison.
  2174 | Sewer    | 2174 ||| INVOKING Spit Poison.
  2181 | Sewer    | 2181 ||| INVOKING Spit Poison.
  2184 | Sewer    | 2184 ||| INVOKING Spit Poison.
  2197 | Sewer    | 2197 ||| INVOKING Spit Poison.
  2201 | Sewer    | Reached skill level 6 in Ranged Weapons
  2235 | D:3      | 2235 ||| PLANNING D:1-11
  2407 | D:3      | 2407 ||| INVOKING Spit Poison.
  2449 | D:3      | 2449 ||| INVOKING Spit Poison.
  2524 | D:4      | 2524 ||| INVOKING Spit Poison.
  2527 | D:4      | Reached XP level 7. HP: 63/66 MP: 7/7
  2530 | D:4      | 2530 ||| STAIRDANCE
  2616 | D:4      | 2616 ||| INVOKING Spit Poison.
  2619 | D:4      | 2619 ||| INVOKING Spit Poison.
  2620 | D:4      | 2620 ||| FLEEEEING.
  2624 | D:4      | 2624 ||| INVOKING Spit Poison.
  2631 | D:4      | 2631 ||| INVOKING Spit Poison.
  2692 | D:4      | 2692 ||| INVOKING Spit Poison.
  2705 | D:4      | 2705 ||| INVOKING Spit Poison.
  2709 | D:4      | 2709 ||| INVOKING Spit Poison.
  2720 | D:4      | 2720 ||| INVOKING Spit Poison.
  2725 | D:4      | 2725 ||| INVOKING Spit Poison.
  2728 | D:4      | HP: 14/66 [acid (11)]
  2729 | D:4      | 2729 ||| READING scroll of teleportation.
  2729 | D:4      | HP: 5/66 [acid (6)]
  2730 | D:4      | 2730 ||| DRINKING 2 potions of heal wounds.
  2733 | D:4      | Found Fagaulaott's Distillery.
  2734 | D:4      | Reached skill level 7 in Ranged Weapons
  2735 | D:4      | 2735 ||| INVOKING Spit Poison.
  2883 | D:4      | 2883 ||| BUYING potion of cancellation (80 gold).
  2883 | D:4      | Bought a potion of cancellation for 80 gold pieces
  2883 | D:4      | 2883 ||| BUYING potion of heal wounds (50 gold).
  2883 | D:4      | Bought a potion of heal wounds for 50 gold pieces
  2883 | D:4      | 2883 ||| SHOPLISTING potion of might (40 gold, have 28).
  2883 | D:4      | 2883 ||| SHOPLISTING potion of mutation (80 gold, have 28).
  2969 | D:4      | 2969 ||| INVOKING Spit Poison.
  2970 | D:4      | Found a large runed translucent door.
  2970 | D:4      | Found a large runed translucent door.
  3023 | D:4      | 3023 ||| INVOKING Spit Poison.
  3070 | D:4      | Noticed qw's ghost (amateur NaHu)
  3073 | D:4      | 3073 ||| INVOKING Spit Poison.
  3247 | D:4      | 3247 ||| UPGRADING to +0 pair of gloves.
  3252 | D:4      | 3252 ||| READING scroll labelled HETOLAVAXT.
  3253 | D:4      | 3253 ||| READING scroll labelled IHEOL EHANAKK.
  3254 | D:4      | 3254 ||| DRINKING 2 brown potions.
  3255 | D:4      | 3255 ||| READING 2 scrolls of identify.
  3255 | D:4      | 3255 ||| IDENTIFYING pink potion
  3256 | D:4      | 3256 ||| DROPPING potion of attraction.
  3257 | D:4      | 3257 ||| DROPPING potion of enlightenment.
  3278 | D:5      | Entered Level 5 of the Dungeon
  3279 | D:5      | 3279 ||| INVOKING Spit Poison.
  3281 | D:5      | 3281 ||| STAIRDANCE
  3283 | D:4      | 3283 ||| INVOKING Spit Poison.
  3447 | D:5      | 3447 ||| INVOKING Spit Poison.
  3679 | D:5      | 3679 ||| INVOKING Spit Poison.
  3681 | D:5      | Reached XP level 8. HP: 73/73 MP: 8/8
  3712 | D:5      | Found a shimmering altar of Xom.
  3726 | D:5      | 3726 ||| INVOKING Spit Poison.
  3732 | D:5      | 3732 ||| INVOKING Spit Poison.
  3802 | D:5      | Found a radiant altar of Vehumet.
  3803 | D:5      | 3803 ||| INVOKING Spit Poison.
  3809 | D:5      | 3809 ||| INVOKING Spit Poison.
  3811 | D:5      | Reached skill level 8 in Ranged Weapons
  3966 | D:5      | 3966 ||| INVOKING Spit Poison.
  3972 | D:5      | 3972 ||| INVOKING Spit Poison.
  4057 | D:5      | 4057 ||| INVOKING Spit Poison.
  4145 | D:5      | 4145 ||| INVOKING Spit Poison.
  4156 | D:5      | Found a faded altar of an unknown god.
  4156 | D:5      | Found an ornate altar of the Wu Jian Council.
  4164 | D:5      | Found a hazy altar of Hepliaklqana.
  4166 | D:5      | Found a faded altar of an unknown god.
  4168 | D:5      | Found an ancient bone altar of Kikubaaqudgha.
  4403 | D:5      | 4403 ||| INVOKING Spit Poison.
  4561 | D:5      | 4561 ||| DROPPING ring of wizardry.
  4562 | D:5      | 4562 ||| READING scroll labelled ZODUBYEV DEKOT.
  4563 | D:5      | 4563 ||| READING scroll labelled NADDEBB LEHOP.
  4572 | D:6      | 4572 ||| STAIRDANCE
  4709 | D:6      | 4709 ||| INVOKING Spit Poison.
  4750 | D:6      | 4750 ||| INVOKING Spit Poison.
  4788 | D:6      | 4788 ||| INVOKING Spit Poison.
  4797 | D:6      | 4797 ||| INVOKING Spit Poison.
  4800 | D:6      | Reached skill level 9 in Ranged Weapons
  4828 | D:6      | 4828 ||| INVOKING Spit Poison.
  4837 | D:6      | Found a sparkling altar of Nemelex Xobeh.
  4841 | D:6      | 4841 ||| INVOKING Spit Poison.
  4847 | D:6      | 4847 ||| INVOKING Spit Poison.
  5082 | D:6      | 5082 ||| UPGRADING to amulet of guardian spirit.
  5087 | D:6      | 5087 ||| DRINKING 2 golden potions.
  5116 | D:7      | 5116 ||| INVOKING Spit Poison.
  5125 | D:7      | 5125 ||| INVOKING Spit Poison.
  5159 | D:7      | Reached skill level 6 in Fighting
  5159 | D:7      | Reached XP level 9. HP: 82/82 MP: 9/9
  5185 | D:7      | 5185 ||| Stepping ~*~*~tactically~*~*~ (outnumbered).
  5186 | D:7      | Noticed Pikel
  5187 | D:7      | 5187 ||| Stepping ~*~*~tactically~*~*~ (outnumbered).
  5189 | D:7      | 5189 ||| INVOKING Spit Poison.
  5190 | D:7      | 5190 ||| Stepping ~*~*~tactically~*~*~ (outnumbered).
  5194 | D:7      | 5194 ||| INVOKING Spit Poison.
  5197 | D:7      | 5197 ||| INVOKING Spit Poison.
  5205 | D:7      | HP: 17/82 [sleepcap (4)]
  5206 | D:7      | 5206 ||| READING scroll of teleportation.
  5207 | D:7      | 5207 ||| DRINKING 3 potions of heal wounds.
  5208 | D:7      | 5208 ||| INVOKING Spit Poison.
  5212 | D:7      | 5212 ||| INVOKING Spit Poison.
  5228 | D:7      | HP: 20/82 [ice beast (3)]
  5229 | D:7      | 5229 ||| DRINKING 2 potions of heal wounds.
  5233 | D:7      | Reached skill level 3 in Dodging
  5419 | D:7      | 5419 ||| INVOKING Spit Poison.
  5422 | D:7      | 5422 ||| Stepping ~*~*~tactically~*~*~ (outnumbered).
  5427 | D:7      | Found a staircase to the Ecumenical Temple.
  5428 | D:7      | 5428 ||| PLANNING TEMPLE
  5429 | D:7      | 5429 ||| INVOKING Spit Poison.
  5434 | D:7      | 5434 ||| READING scroll labelled ULELUA MEIWEOM.
  5442 | Temple   | Entered the Ecumenical Temple
  5516 | Temple   | 5516 ||| PLANNING OKAWARU WORSHIP
  5658 | Temple   | Became a worshipper of Warmaster Okawaru
  5658 | Temple   | 5658 ||| PLANNING D:1-11
  5659 | Temple   | 5659 ||| REMOVING amulet of guardian spirit.
  5664 | Temple   | 5664 ||| DROPPING amulet of guardian spirit.
  5748 | D:7      | 5748 ||| INVOKING Spit Poison.
  5755 | D:7      | 5755 ||| INVOKING Spit Poison.
  5768 | D:7      | 5768 ||| INVOKING Spit Poison.
  5781 | D:7      | 5781 ||| INVOKING Spit Poison.
  5789 | D:7      | 5789 ||| INVOKING Spit Poison.
  5879 | D:7      | 5879 ||| INVOKING Spit Poison.
  5884 | D:7      | 5884 ||| INVOKING Spit Poison.
  5891 | D:7      | 5891 ||| INVOKING Spit Poison.
  5891 | D:7      | Killed Pikel
  5892 | D:7      | Reached skill level 10 in Ranged Weapons
  6016 | D:7      | 6016 ||| INVOKING Spit Poison.
  6023 | D:7      | 6023 ||| INVOKING Spit Poison.
  6029 | D:7      | 6029 ||| INVOKING Spit Poison.
  6378 | D:7      | 6378 ||| UPGRADING to +0 helmet.
  6430 | D:7      | 6430 ||| INVOKING Spit Poison.
  6506 | D:8      | Noticed Joseph
  6523 | D:8      | 6523 ||| INVOKING Spit Poison.
  6526 | D:8      | HP: 11/85 [Joseph/sling bullet (14)]
  6526 | D:8      | HP: 1/85 [Joseph/sling bullet (10)]
  6527 | D:8      | 6527 ||| DRINKING 2 potions of heal wounds.
  6529 | D:8      | 6529 ||| INVOKING Spit Poison.
  6530 | D:8      | 6530 ||| DRINKING potion of heal wounds.
  6535 | D:8      | Killed Joseph
  6603 | D:8      | 6603 ||| INVOKING Spit Poison.
  6609 | D:8      | 6609 ||| INVOKING Spit Poison.
  6674 | D:8      | 6674 ||| FLEEEEING.
  6675 | D:8      | 6675 ||| FLEEEEING.
  6676 | D:8      | 6676 ||| FLEEEEING.
  6684 | D:8      | Reached * piety under Okawaru
  6685 | D:8      | Reached XP level 10. HP: 30/94 MP: 10/10
  6707 | D:8      | 6707 ||| FLEEEEING.
  6708 | D:8      | 6708 ||| FLEEEEING.
  6709 | D:8      | 6709 ||| FLEEEEING.
  6710 | D:8      | 6710 ||| FLEEEEING.
  6711 | D:8      | 6711 ||| FLEEEEING.
  6712 | D:8      | 6712 ||| STAIRDANCE
  6890 | D:8      | Reached skill level 1 in Invocations
  6901 | D:8      | Noticed a two-headed ogre
  6902 | D:8      | 6902 ||| INVOKING Heroism.
  6903 | D:8      | 6903 ||| INVOKING Heroism.
  6904 | D:8      | 6904 ||| INVOKING Spit Poison.
  6913 | D:8      | Killed a two-headed ogre
  6914 | D:8      | Reached skill level 3 in Invocations
  6922 | D:8      | 6922 ||| FLEEEEING.
  6960 | D:8      | 6960 ||| FLEEEEING.
  6961 | D:8      | 6961 ||| STAIRDANCE
  7081 | D:8      | 7081 ||| INVOKING Spit Poison.
  7086 | D:8      | 7086 ||| INVOKING Spit Poison.
  7095 | D:8      | 7095 ||| STAIRDANCE
  7134 | D:8      | 7134 ||| STAIRDANCE
  7141 | D:7      | 7141 ||| INVOKING Heroism.
  7234 | D:8      | 7234 ||| INVOKING Spit Poison.
  7237 | D:8      | 7237 ||| STAIRDANCE
  7242 | D:7      | 7242 ||| INVOKING Heroism.
  7246 | D:7      | Reached skill level 11 in Ranged Weapons
  7351 | D:8      | Noticed a two-headed ogre
  7352 | D:8      | 7352 ||| INVOKING Heroism.
  7354 | D:8      | 7354 ||| INVOKING Spit Poison.
  7360 | D:8      | 7360 ||| INVOKING Spit Poison.
  7364 | D:8      | 7364 ||| INVOKING Spit Poison.
  7364 | D:8      | Killed a two-headed ogre
  7512 | D:8      | 7512 ||| FLEEEEING.
  7514 | D:8      | 7514 ||| INVOKING Spit Poison.
  7517 | D:8      | Reached ** piety under Okawaru
  7522 | D:8      | 7522 ||| INVOKING Spit Poison.
  7528 | D:8      | 7528 ||| INVOKING Spit Poison.
  7529 | D:8      | 7529 ||| INVOKING Heroism.
  7578 | D:8      | 7578 ||| SWAPPING to +0 orcbow.
  7579 | D:8      | 7579 ||| DROPPING +1 shortbow of freezing.
  7583 | D:8      | 7583 ||| INVOKING Spit Poison.
  7586 | D:8      | 7586 ||| INVOKING Spit Poison.
  7593 | D:8      | 7593 ||| INVOKING Spit Poison.
  7595 | D:8      | 7595 ||| INVOKING Heroism.
  7596 | D:8      | 7596 ||| INVOKING Spit Poison.
  7601 | D:8      | HP: 22/96 [yak (11)]
  7603 | D:8      | HP: 7/96 [yak (9)]
  7604 | D:8      | Slain by a yak

Levels and vault maps discovered:
D:1:      dpeg_arrival_tiny_i, layout_basic, chequers_decorated_corner,
          due_unseen_surprise
D:2:      layout_basic, grunt_ministairs_10, uniq_jessica, uniq_terence,
          uniq_sigmund
D:3:      layout_loops_ring, basic_ecumenical_altar, cheibrodos_sewer_entry_bend
D:4:      layout_rooms, serial_shops, shop, ebering_ghost_disaster_area
D:5:      layout_loops_corners, mainiacjoe_overflow_24_doors,
          nicolae_vehumet_radiance, chequers_temple_overflow_minitemple
D:6:      layout_rooms, nicolae_overflow_hidden_temple
D:7:      layout_basic, minmay_temple_entry_purple_smoke, uniq_pikel
D:8:      layout_cave_pools, lemuel_round_altar, makhleb_grotto_becter,
          due_lair_maze_entry_diamond, chequers_serial_rivers_large_a,
          uniq_joseph
Temple:   nicolae_temple_figure_eight

Skill      XL: |  1  2  3  4  5  6  7  8  9 10 |
---------------+-------------------------------+-----
Ranged Weapons | 4 5 6 7 9 10 11 | 11.2
Fighting       | 4 6 7 8 |  8.1
Dodging        | 2 3 4 |  4.0
Armour         | 2 |  2.2
Invocations    | 4 |  4.5
Stealth        | |  1.5

Action                     |  1- 3 |  4- 6 |  7- 9 | 10-12 || total
---------------------------+-------+-------+-------+-------++-------
   Fire: Shortbow          |    66 |   115 |   326 |    66 ||   573
         Orcbow            |       |       |       |    19 ||    19
 Invoke: Heroism           |       |       |       |     6 ||     6
Ability: Spit Poison       |    25 |    39 |    58 |    14 ||   136
    Use: Scroll            |     2 |     2 |     8 |       ||    12
         Potion            |     2 |       |     7 |       ||     9
 Armour: Leather armour    |     6 |     8 |    36 |    17 ||    67
  Dodge: Dodged            |    17 |    14 |    65 |    43 ||   139

Table legend:
 A = Non-vault XP
 B = Vault XP
 C = Vault XP percentage of total XP
 D = Non-vault monster count
 E = Vault monster count
 F = Vault count percentage of total count
                 A         B        C        D         E       F
            +---------+---------+-------+---------+---------+-------
      Total |    4456 |    3211 |  41.9 |     131 |      52 |  28.4
            +---------+---------+-------+---------+---------+-------
        D:1 |      53 |       0 |   0.0 |      21 |       0 |   0.0
        D:2 |      35 |     309 |  89.8 |      13 |       5 |  27.8
        D:3 |      91 |       5 |   5.2 |      20 |       1 |   4.8
        D:4 |     464 |       0 |   0.0 |      20 |       0 |   0.0
        D:5 |     471 |       0 |   0.0 |      14 |       0 |   0.0
        D:6 |     338 |       0 |   0.0 |      13 |       0 |   0.0
        D:7 |    1416 |     617 |  30.3 |      22 |       1 |   4.3
        D:8 |    1588 |    2116 |  57.1 |       8 |       9 |  52.9
      Sewer |       0 |     164 | 100.0 |       0 |      36 | 100.0
            +---------+---------+-------+---------+---------+-------
